 Dungeon Crawl Stone Soup version 0.23-b1-67-g8bd44de (webtiles) character file.

Game seed: 10127525504517147987

339783 Flaz the Executioner (level 21, -15/178 HPs)
             Began as a Ghoul Fighter on Feb 3, 2019.
             Was the Champion of Okawaru.
             Killed by dispel undead
             ... invoked by a revenant
              (52 damage)
             ... on level 1 of the Crypt on Feb 5, 2019.
             The game lasted 07:25:25 (48318 turns).

Flaz the Executioner (Ghoul Fighter)               Turns: 48318, Time: 07:25:26

Health: -15/178    AC: 15    Str: 31    XL:     21   Next: 97%
Magic:  24/24      EV: 14    Int:  5    God:    Okawaru [******]
Gold:   1849       SH:  0    Dex:  8    Spells: 20/20 levels left

rFire    + + +     SeeInvis .   j - +9 executioner's axe (venom)
rCold    + . .     Gourm    .   (shield currently unavailable)
rNeg     + + +     Faith    .   r - +1 scale mail of Fanaticism {rF+++ MR+ Regen+ Stlth-}
rPois    ∞         Spirit   .   V - +0 helmet
rElec    .         Reflect  .   I - scarf {repulsion}
rCorr    .         Harm     .   a - +0 pair of gloves
MR       +....                  s - +1 pair of boots {Stlth+}
Stlth    +.........             u - amulet of the acrobat
HPRegen  0.00/turn              M - ring "Ugon" {Wiz Str+3}
MPRegen  0.19/turn              w - ring of protection from magic

@: vulnerable, rotting, repel missiles
A: rotting body, claws 1, carnivore, cold resistance 1, negative energy
resistance 3, inhibited regeneration, torment resistance, unbreathing
}: 2/15 runes: barnacled, gossamer
a: Heroism, Finesse, Renounce Religion


You were on level 1 of the Crypt.
You worshipped Okawaru.
Okawaru was exalted by your worship.
You were not hungry.

You visited 10 branches of the dungeon, and saw 38 of its levels.

You collected 3852 gold pieces.
You spent 2003 gold pieces at shops.

Inventory:

Hand Weapons
 g - the +10 war axe "Giantbane" {chop, rElec rPois rF+ Stlth+}
   (You found it on level 1 of the Lair of Beasts)

   It inflicts extra damage upon your enemies.
   It protects you from fire.
   It insulates you from electricity.
   It protects you from poison.
   It makes you more stealthy.
 j - a +9 executioner's axe of venom (weapon)
 t - the +10 war axe of Pedaa {vamp, +Fly MR+ Str-3}
   (You bought it in a shop on level 2 of the Elven Halls)

   It inflicts no extra harm, but heals its wielder when it wounds a living foe.
   It affects your strength (-3).
   It affects your resistance to hostile enchantments.
   It lets you fly.
 x - the +11 war axe of Doubt {speed, rElec Int-4 Dex+2 SInv}
   (You took it off a deep elf mage on level 3 of the Elven Halls)

   Attacks with this weapon are significantly faster.
   It affects your intelligence (-4).
   It affects your dexterity (+2).
   It insulates you from electricity.
   It lets you see invisible.
 C - a +9 blowgun
Missiles
 p - 23 javelins of returning
 O - 2 needles of paralysis
 R - 9 steel javelins (quivered)
 S - 8 curare-tipped needles
 W - 17 javelins of penetration
 X - 11 throwing nets
Armour
 a - a +0 pair of gloves (worn)
 q - a +1 large shield of reflection
 r - the +1 scale mail of Fanaticism (worn) {rF+++ MR+ Regen+ Stlth-}
   (You bought it in a shop on level 2 of the Orcish Mines)

   It renders you almost immune to fire.
   It affects your resistance to hostile enchantments.
   It increases your rate of regeneration.
   It makes you less stealthy.
 s - a +1 pair of boots of stealth (worn)
 I - a scarf of repulsion (worn)
 V - a +0 helmet (worn)
Jewellery
 u - an amulet of the acrobat (around neck)
 w - a ring of protection from magic (right hand)
 M - the ring "Ugon" (left hand) {Wiz Str+3}
   (You found it on level 1 of the Vaults)

   [ring of wizardry]

   It improves your spell success rate.
   It affects your strength (+3).
Wands
 h - a wand of scattershot (4)
 F - a wand of acid (10)
 L - a wand of iceblast (11)
 Y - a wand of digging (23)
Scrolls
 b - 2 scrolls of fog
 i - 8 scrolls of teleportation
 n - 2 scrolls of fear
 o - 7 scrolls of magic mapping
 y - 8 scrolls of remove curse
 B - a scroll of torment
 G - 10 scrolls of identify
Potions
 d - 9 potions of might
 e - 4 potions of agility
 k - 21 potions of curing
 l - 2 potions of resistance
 m - 7 potions of heal wounds
 v - 4 potions of haste
 J - 3 potions of invisibility
 K - 8 potions of ambrosia
 P - 3 potions of flight
 Q - 4 potions of magic
 U - 5 potions of brilliance
 Z - 3 potions of cancellation
Miscellaneous
 A - a phantom mirror
 N - a lightning rod (4/4)
Comestibles
 f - 64 rations


   Skills:
 - Level 13.0 Fighting
 * Level 24.3 Axes
 - Level 8.0 Throwing
 - Level 10.0 Armour
 - Level 10.0 Dodging
 - Level 4.0 Stealth
 - Level 11.7 Shields
 - Level 6.0 Invocations


You had 20 spell levels left.
You didn't know any spells.
Your spell library contained the following spells:

 Spells                   Type           Power        Failure   Level  Hunger
 Animate Skeleton         Necr           N/A          34%         1    ##.....
 Apportation              Tloc           #.....       34%         1    ##.....
 Confusing Touch          Hex            #.....       34%         1    ##.....
 Magic Dart               Conj           #...         34%         1    ##.....
 Shock                    Conj/Air       #...         34%         1    ##.....
 Sting                    Conj/Pois      #...         34%         1    ##.....
 Summon Butterflies       Summ           #.......     34%         1    ##.....
 Summon Small Mammal      Summ           #...         34%         1    ##.....
 Blink                    Tloc           N/A          47%         2    ###....
 Call Imp                 Summ           #.......     47%         2    ###....
 Corpse Rot               Necr           N/A          47%         2    ###....
 Ensorcelled Hibernation  Hex/Ice        #.....       47%         2    ###....
 Passwall                 Tmut/Erth      #.......     47%         2    ###....
 Poisonous Vapours        Pois/Air       #.....       47%         2    ###....
 Searing Ray              Conj           #.....       47%         2    ###....
 Shroud of Golubria       Chrm/Tloc      #.........   47%         2    ###....
 Slow                     Hex            #.......     47%         2    ###....
 Swiftness                Chrm/Air       #.......     47%         2    ###....
 Call Canine Familiar     Summ           #.......     71%         3    ####...
 Confuse                  Hex            #.......     71%         3    ####...
 Conjure Flame            Conj/Fire      #.......     71%         3    ####...
 Dazzling Spray           Conj/Hex       #.....       71%         3    ####...
 Gell's Gravitas          Tloc           #.........   71%         3    ####...
 Lesser Beckoning         Tloc           #.........   71%         3    ####...
 Mephitic Cloud           Conj/Pois/Air  #.......     71%         3    ####...
 Portal Projectile        Hex/Tloc       #.....       71%         3    ####...
 Recall                   Summ/Tloc      N/A          71%         3    ####...
 Static Discharge         Conj/Air       #.......     71%         3    ####...
 Stone Arrow              Conj/Erth      #.....       71%         3    ####...
 Teleport Other           Tloc           #.......     71%         3    ####...
 Tukima's Dance           Hex            #.......     71%         3    ####...
 Airstrike                Air            #.........   97%         4    #####..
 Force Lance              Conj/Tloc      #.......     97%         4    #####..
 Fulminant Prism          Conj/Hex       #.........   97%         4    #####..
 Iskenderun's Mystic Bla  Conj           #.......     97%         4    #####..
 Leda's Liquefaction      Hex/Erth       #.........   97%         4    #####..
 Olgreb's Toxic Radiance  Pois           #.......     97%         4    #####..
 Passage of Golubria      Tloc           N/A          97%         4    #####..
 Petrify                  Tmut/Erth      #.......     97%         4    #####..
 Summon Ice Beast         Ice/Summ       #.......     97%         4    #####..
 Alistair's Intoxication  Tmut/Pois      #.......     100%        5    ######.
 Bolt of Draining         Conj/Necr      #.........   100%        5    ######.
 Bolt of Magma            Conj/Fire/Erth #.........   100%        5    ######.
 Irradiate                Conj/Tmut      #.........   100%        5    ######.
 Iskenderun's Battlesphe  Conj/Chrm      #.......     100%        5    ######.
 Lightning Bolt           Conj/Air       #.........   100%        5    ######.
 Metabolic Englaciation   Hex/Ice        #.........   100%        5    ######.
 Summon Forest            Summ/Tloc      #.........   100%        5    ######.
 Venom Bolt               Conj/Pois      #.........   100%        5    ######.
 Yara's Violent Unravell  Hex/Tmut       #.........   100%        5    ######.
 Dispersal                Tloc           #.........   100%        6    #######
 Invisibility             Hex            #.......     100%        6    #######
 Iron Shot                Conj/Erth      #.........   100%        6    #######
 Malign Gateway           Summ/Tloc      #.........   100%        7    #######
 Monstrous Menagerie      Summ           #.........   100%        7    #######
 Orb of Destruction       Conj           #.........   100%        7    #######
 Summon Greater Demon     Summ           #.........   100%        7    #######
 Summon Hydra             Summ           #.........   100%        7    #######
 Controlled Blink         Tloc           N/A          100%        8    #######
 Disjunction              Tloc           #.........   100%        8    #######
 Summon Horrible Things   Summ           #.........   100%        8    #######
 Shatter                  Erth           #.........   100%        9    #######
 Beastly Appendage        Tmut           Unusable     N/A         1    N/A
 Ice Form                 Ice/Tmut       Unusable     N/A         4    N/A
 Hydra Form               Tmut           Unusable     N/A         6    N/A
 Statue Form              Tmut/Erth      Unusable     N/A         6    N/A
 Dragon Form              Tmut           Unusable     N/A         7    N/A

Dungeon Overview and Level Annotations

Branches:
Dungeon (14/15)            Temple (1/1) D:7            Lair (6/6) D:8
 Shoals (4/4) Lair:3       Spider (4/4) Lair:4        Slime (1/5) Lair:5
    Orc (2/2) D:12            Elf (3/3) Orc:2        Vaults (2/5) D:14
  Crypt (1/3) Vaults:2

Altars:
Ashenzari
Cheibriados
Dithmenos
Elyvilon
Fedhas
Gozag
Hepliaklqana
Kikubaaqudgha
Makhleb
Nemelex Xobeh
Okawaru
Qazlal
Ru
Sif Muna
Trog
Uskayaw
Vehumet
Wu Jian
Xom
Yredelemnul
Zin
The Shining One
Beogh
Jiyva

Shops:
D:8 *   D:10 *   Orc:2 :([*   Elf:2 (   Elf:3 *   Shoals:1 !

Portals:
Trove: D:13 (give +4 fire dragon scales)

Annotations:
Lair:3 exclusion: oklob plant
Spider:3 exclusions: downstairs, 4 orb spiders and 3 more exclusions, Roxanne
Vaults:1 3 runed translucent doors, exclusion: 3 doors, jlumianski's ghost, veteran KoBe


Innate Abilities, Weirdness & Mutations

Your body is rotting away.
You thrive on raw meat.
You are immune to poison.
You have sharp fingernails.
You are carnivorous and can eat meat at any time.
Your flesh is cold resistant. (rC+)
You are immune to negative energy. (rN+++)
You do not regenerate when monsters are visible.
You are immune to unholy pain and torment.
You can survive without breathing.


Message History

You slice the spectral ettin!!
You destroy the spectral ettin!
You hit the vampire knight. The revenant closely misses you.
The vampire knight hits you with a +0 war axe.
* * * LOW HITPOINT WARNING * * *
The vampire knight barely misses you.
You closely miss the revenant.
The revenant is moderately damaged.
You hit the vampire knight but do no damage.
The revenant hits you.
* * * LOW HITPOINT WARNING * * *
Unknown command.
You slash the revenant!
The revenant is moderately damaged.
You slice the vampire knight!! You barely miss the spectral elf.
The vampire knight misses you. The vampire knight bites you.
* * * LOW HITPOINT WARNING * * *
The revenant gestures violently at you.
You convulse!
You die...

........ #..V..# #######
#....# ###8.⌠.8### #...W#
#8^....^.8# #....#
##.^.......## #....#
#8^.⌠...⌠..8####○...#
#...........^○○V....#
#⌠...<.......○@L....#
#............Z○°....#
#8..⌠...⌠.^8###°....########
##.^.....^.## #.............
#8......^8# #.............
###8.⌠.8### #......#######
####### #......# #......#
.........#


You could see a revenant, a vampire knight, a phantasmal warrior and a spectral
elf.

Vanquished Creatures
  Saint Roka (Orc:2)
  Nikola (Shoals:2)
  Jorgrun (Spider:2)
  A lich (Vaults:2)
  Rupert (Spider:1)
  3 deep elf blademasters
  2 deep elf master archers (Elf:3)
  2 sphinxes
  Agnes (Spider:4)
  Polyphemus (Shoals:3)
  Kirke (Spider:3)
  A fire giant (Vaults:2)
  An azure jelly (Lair:5)
  5 deep elf sorcerers
  A frost giant (Shoals:3)
  6 vault wardens
  5 ghost moths (Spider:4)
  5 emperor scorpions
  4 deep elf elementalists (Elf:3)
  7 ironheart preservers
  A very ugly thing (Vaults:1)
  3 stone giants
  5 entropy weavers
  6 deep elf demonologists
  3 deep elf annihilators
  Snorg (D:12)
  2 ettins
  An eidolon (Elf:1)
  2 merfolk javelineers (Shoals:4)
  9 merfolk impalers
  4 fire dragons (Vaults:1)
  Erolcha (Orc:1)
  3 yaktaur captains (Vaults:1)
  6 deep elf death magi
  6 vault guards
  2 great orbs of eyes
  Fannar (Lair:3)
  3 deep elf high priests (Elf:3)
  Harold (Lair:1)
  2 ice dragons (Vaults:2)
  2 catoblepae
  An alligator snapping turtle (Shoals:1)
  2 hydras
  2 merfolk avatars
  6 centaur warriors (Vaults:1)
  7 two-headed ogres
  5 merfolk aquamancers
  26 dancing weapons
  3 satyrs
  9 death yaks
  2 ogre magi (Vaults:1)
  A vampire mage (Vaults:2)
  A death knight (D:12)
  An orc high priest (Orc:2)
  A shock serpent (shapeshifter) (Vaults:1)
  Urug (Lair:4)
  17 deep elf knights
  Nergalle (D:12)
  5 skeletal warriors (Vaults:1)
  2 wizards
  3 unseen horrors
  A kraken simulacrum (Shoals:4)
  16 sea snakes
  A swamp dragon (Elf:1)
  7 deep elf archers
  3 phantasmal warriors
  An orange crystal statue (D:14)
  4 ironbrand convokers (Vaults:1)
  8 harpies
  9 orc knights
  23 wolf spiders
  A stone giant zombie (Vaults:1)
  54 deep elf magi
  A necromancer (Vaults:1)
  30 orb spiders
  17 ugly things (Vaults:1)
  2 mana vipers (Elf:1)
  9 orc sorcerers
  11 elephants
  A human zombie (Vaults:1)
  17 cyclopes
  13 manticores
  16 fauns
  A human skeleton (Vaults:1)
  6 moths of wrath
  4 black mambas
  8 merfolk sirens
  Joseph (D:9)
  3 water nymphs
  3 vault sentinels (Vaults:1)
  2 torpor snails (Spider:3)
  3 centaur skeletons
  11 spiny frogs
  A gargoyle (D:14)
  5 rime drakes
  A rime drake (shapeshifter) (Vaults:1)
  3 komodo dragons
  A kobold demonologist (D:14)
  5 freezing wraiths
  11 yaktaurs
  10 demonic crawlers
  8 trolls
  A pale draconian skeleton (Crypt:1)
  35 jumping spiders
  A queen bee (D:8)
  A queen bee (shapeshifter) (Vaults:1)
  7 wind drakes
  27 merfolk
  A polar bear (Lair:3)
  A small abomination (Elf:3)
  5 hornets
  7 snapping turtles
  14 blink frogs
  Grinder (D:2)
  5 slime creatures
  10 hippogriffs
  5 dream sheep
  A hippogriff (shapeshifter) (Elf:2)
  An air elemental (Elf:2)
  A shadow (D:12)
  A tarantella (shapeshifter) (Vaults:1)
  62 redbacks
  5 wraiths
  29 tarantellas
  4 vampires
  12 water elementals
  A fire bat (shapeshifter) (Elf:1)
  27 yaks
  A wyvern (D:11)
  8 vampire mosquitoes
  3 fire elementals (Elf:1)
  A human (shapeshifter) (D:14)
  2 golden eyes (Elf:1)
  3 hungry ghosts
  7 hogs (Spider:3)
  4 basilisks
  8 wargs
  Menkaure (D:5)
  A steam dragon (D:8)
  An elf zombie (Vaults:1)
  An acid dragon (shapeshifter) (Elf:1)
  3 acid dragons (Vaults:1)
  10 porcupines
  10 water moccasins
  A sky beast (D:14)
  An ice beast (D:8)
  A black bear (D:8)
  A black bear (shapeshifter) (D:13)
  36 orc warriors
  15 ogres
  12 centaurs
  14 boggarts
  7 crocodiles
  4 big kobolds
  14 bullfrogs
  A wyvern zombie (D:13)
  6 earth elementals
  2 scorpions (D:5)
  6 wights
  19 killer bees
  4 howler monkeys
  2 bullfrog zombies
  3 electric eels (Lair:1)
  5 crimson imps
  A human simulacrum (Vaults:1)
  5 hounds
  2 jellies
  3 bullfrog skeletons
  16 orc priests
  Jessica (D:3)
  Natasha (twice) (D:4)
  3 iguanas
  5 worker ants
  22 orc wizards
  7 hell rats (Lair:5)
  2 hound zombies
  4 worker ant zombies
  4 gnolls
  11 adders
  2 shadow imps
  2 oozes
  An adder zombie (D:3)
  3 worms
  3 dart slugs
  4 leopard geckos
  87 orcs
  4 bats
  2 giant cockroaches
  12 goblins
  8 hobgoblins
  2 jackals (D:3)
  6 quokkas
  A ball python (D:3)
  A ball python zombie (D:3)
  6 frilled lizards
  2 jackal skeletons (D:3)
  34 kobolds
  2 leopard gecko zombies (D:3)
  A quokka skeleton (D:8)
  8 rats
  2 crawling corpses (Elf:3)
  2 fungi (Elf:2)
  8 plants
  A tentacle (Shoals:4)
1317 creatures vanquished.

Vanquished Creatures (others)
  An emperor scorpion (Spider:4)
  2 deep elf archers
  A wolf spider (Spider:4)
  A deep elf mage (Elf:1)
  2 redbacks
  2 orc wizards (D:7)
  A shadow imp (D:10)
  2 fire vortices (Elf:1)
  3 fungi
  17 plants
  7 tentacles (Shoals:4)
39 creatures vanquished.

Grand Total: 1356 creatures vanquished

Notes
Turn   | Place    | Note
-------+----------+-------------------------------------------
     0 | D:1      | Flaz the Ghoul Fighter began the quest for the Orb.
     0 | D:1      | Reached XP level 1. HP: 19/19 MP: 0/0
   106 | D:1      | Reached XP level 2. HP: 19/26 MP: 1/1
   398 | D:1      | Reached skill level 2 in Axes
   640 | D:1      | Reached XP level 3. HP: 28/33 MP: 2/2
   924 | D:2      | Reached XP level 4. HP: 37/40 MP: 3/3
  1030 | D:2      | Found a faded altar of an unknown god.
  1072 | D:2      | Reached skill level 3 in Axes
  1540 | D:2      | Noticed a water elemental
  1542 | D:2      | Found a stormy altar of Qazlal.
  1543 | D:2      | Noticed an earth elemental
  1543 | D:2      | Noticed a fire elemental
  1543 | D:2      | Noticed an air elemental
  1761 | D:3      | Noticed Jessica
  1763 | D:3      | Killed Jessica
  1798 | D:2      | Reached XP level 5. HP: 39/46 MP: 4/4
  1825 | D:3      | Reached skill level 4 in Axes
  1973 | D:3      | Reached skill level 1 in Dodging
  2164 | D:3      | Reached XP level 6. HP: 52/52 MP: 5/5
  2225 | D:3      | Noticed Grinder
  2225 | D:3      | Paralysed by Grinder for 3 turns
  2310 | D:3      | Paralysed by Grinder for 6 turns
  2343 | D:2      | Killed Grinder
  2343 | D:2      | Reached skill level 5 in Axes
  2635 | D:4      | Reached skill level 6 in Axes
  2648 | D:4      | Reached XP level 7. HP: 48/59 MP: 6/6
  2870 | D:4      | Noticed Natasha
  3000 | D:4      | Killed Natasha
  3106 | D:4      | Noticed Natasha
  3116 | D:4      | Killed Natasha
  3681 | D:5      | Entered Level 5 of the Dungeon
  3743 | D:5      | Reached skill level 7 in Axes
  3866 | D:5      | Noticed Menkaure
  3884 | D:5      | Killed Menkaure
  3884 | D:5      | Reached XP level 8. HP: 26/66 MP: 7/7
  4061 | D:5      | Found a glowing silver altar of Zin.
  5063 | D:6      | Found an iron altar of Okawaru.
  5096 | D:6      | Became a worshipper of Warmaster Okawaru
  5152 | D:6      | Reached skill level 8 in Axes
  5605 | D:6      | Reached skill level 1 in Throwing
  5652 | D:6      | Found a sacrificial altar of Ru.
  6724 | D:7      | Found a snail-covered altar of Cheibriados.
  6767 | D:7      | Reached skill level 9 in Axes
  6767 | D:7      | Reached XP level 9. HP: 70/71 MP: 8/8
  6771 | D:7      | Reached * piety under Okawaru
  6792 | D:7      | Found a staircase to the Ecumenical Temple.
  6880 | Temple   | Entered the Ecumenical Temple
  7432 | D:8      | Reached ** piety under Okawaru
  7437 | D:8      | Noticed a queen bee
  7451 | D:8      | Killed a queen bee
  7451 | D:8      | Reached skill level 10 in Axes
  7466 | D:8      | HP: 2/71 [killer bee (7)]
  7818 | D:8      | Found Xext's General Store.
  7841 | D:8      | Bought a scroll of enchant weapon for 90 gold pieces
  7841 | D:8      | Bought a scroll of teleportation for 36 gold pieces
  7841 | D:8      | Bought a potion of flight for 36 gold pieces
  7900 | D:8      | Found a shattered altar of Ashenzari.
  8129 | D:8      | Reached XP level 10. HP: 40/78 MP: 9/9
  8157 | D:8      | Reached skill level 11 in Axes
  8210 | D:8      | Found a staircase to the Lair.
  9030 | D:9      | Reached *** piety under Okawaru
  9625 | D:9      | Noticed Joseph
  9637 | D:9      | Killed Joseph
  9642 | D:9      | Reached skill level 12 in Axes
  9706 | D:9      | Reached skill level 1 in Invocations
 10060 | D:10     | Entered Level 10 of the Dungeon
 10336 | D:10     | Found Quqofyshai's General Store.
 10351 | D:10     | Bought a scroll of blinking for 90 gold pieces
 11018 | D:10     | Noticed a deep elf mage
 11111 | D:10     | Killed a deep elf mage
 11111 | D:10     | Reached **** piety under Okawaru
 11229 | D:10     | Reached skill level 13 in Axes
 11330 | D:10     | Reached XP level 11. HP: 67/84 MP: 10/10
 11613 | D:10     | Bought a scroll of magic mapping for 42 gold pieces
 11675 | Lair:1   | Entered Level 1 of the Lair of Beasts
 11760 | Lair:1   | Received a gift from Okawaru
 12139 | Lair:1   | Got an ichor-stained war axe
 12216 | D:8      | Identified the +10 war axe "Giantbane" {chop, rElec rPois
                  | rF+ Stlth+} (You found it on level 1 of the Lair of Beasts)
 12494 | Lair:1   | Reached skill level 14 in Axes
 12506 | Lair:1   | Reached ***** piety under Okawaru
 12566 | Lair:1   | HP: 1/84 [spiny frog (11)]
 13383 | Lair:1   | Noticed Harold
 13437 | Lair:1   | Killed Harold
 13437 | Lair:1   | Received a gift from Okawaru
 13603 | Lair:1   | Reached skill level 15 in Axes
 14082 | Lair:2   | Reached XP level 12. HP: 53/91 MP: 11/11
 14554 | D:11     | Received a gift from Okawaru
 15079 | D:11     | Reached ****** piety under Okawaru
 15344 | D:12     | Received a gift from Okawaru
 15623 | D:12     | Found a deep blue altar of Sif Muna.
 15676 | D:12     | Received a gift from Okawaru
 15676 | D:12     | Reached skill level 5 in Fighting
 15718 | D:12     | Reached skill level 16 in Axes
 15775 | D:12     | Found a staircase to the Orcish Mines.
 15785 | Orc:1    | Entered Level 1 of the Orcish Mines
 15785 | Orc:1    | Noticed Nergalle
 15785 | Orc:1    | Noticed Snorg
 15795 | D:12     | Killed Nergalle
 15818 | D:12     | Killed Snorg
 16561 | D:12     | Reached skill level 5 in Throwing
 17383 | Orc:2    | Entered Level 2 of the Orcish Mines
 17436 | Orc:1    | Received a gift from Okawaru
 17475 | Orc:1    | Reached XP level 13. HP: 106/107 MP: 12/12
 17484 | Orc:2    | Paralysed by an orc sorcerer for 5 turns
 17558 | Orc:2    | Found a staircase to the Elven Halls.
 17619 | Orc:2    | Received a gift from Okawaru
 17620 | Orc:2    | Got a brightly glowing war axe {god gift}
 17760 | Orc:1    | Noticed Erolcha
 17764 | Orc:1    | Killed Erolcha
 17764 | Orc:1    | Reached skill level 5 in Dodging
 17789 | Orc:1    | Found a roughly hewn altar of Beogh.
 17795 | Orc:1    | Reached skill level 5 in Armour
 18264 | Orc:2    | Noticed Saint Roka
 18305 | D:12     | Identified the +3 war axe "Paosugaz" {freeze, rF++}
                  | (Okawaru gifted it to you on level 2 of the Orcish Mines)
 18809 | Lair:2   | Received a gift from Okawaru
 18819 | Lair:2   | Got a bronze chain mail {god gift}
 18838 | Lair:2   | Identified the +8 chain mail of Impatience {Dex+4} (Okawaru
                  | gifted it to you on level 2 of the Lair of Beasts)
 19225 | Lair:3   | Noticed Fannar
 19236 | Lair:3   | Killed Fannar
 19975 | Lair:3   | Found a staircase to the Shoals.
 20107 | Shoals:1 | Entered Level 1 of the Shoals
 20107 | Shoals:1 | Noticed a merfolk impaler
 20125 | Lair:3   | Killed a merfolk impaler
 20500 | Lair:4   | Noticed Urug
 20523 | Lair:4   | Killed Urug
 20629 | Lair:4   | Reached XP level 14. HP: 118/118 MP: 13/13
 20654 | Lair:4   | Received a gift from Okawaru
 20806 | Lair:4   | Found a hole to the Spider Nest.
 20851 | Spider:1 | Entered Level 1 of the Spider Nest
 21395 | Spider:1 | Reached skill level 10 in Fighting
 21538 | Spider:1 | Received a gift from Okawaru
 21669 | Spider:1 | Received a gift from Okawaru
 21821 | Spider:1 | Noticed Rupert
 21916 | Spider:1 | Killed Rupert
 21916 | Spider:1 | Received a gift from Okawaru
 22713 | Spider:1 | Got a fine leather armour
 22724 | Spider:1 | Identified the +2 leather armour "Metziteo" {rC+} (You
                  | found it on level 1 of the Spider Nest)
 23238 | Spider:2 | You fall through a shaft!
 23252 | Spider:3 | Noticed an entropy weaver
 23285 | Spider:3 | Killed an entropy weaver
 23317 | Spider:3 | Identified Roxanne's Volume of Transmutation
 23317 | Spider:3 | Noticed Roxanne
 23464 | Spider:3 | Noticed an entropy weaver
 23486 | Spider:3 | Killed an entropy weaver
 23486 | Spider:3 | Reached XP level 15. HP: 79/132 MP: 14/16
 23697 | Spider:3 | Noticed Kirke
 23726 | Spider:3 | Killed Kirke
 23994 | Spider:3 | Received a gift from Okawaru
 24134 | Spider:3 | Reached skill level 5 in Invocations
 24210 | Spider:2 | Noticed Jorgrun
 24293 | Spider:2 | Killed Jorgrun
 24293 | Spider:2 | Received a gift from Okawaru
 24399 | Spider:2 | Noticed an emperor scorpion
 24419 | Spider:2 | Killed an emperor scorpion
 24419 | Spider:2 | Reached skill level 10 in Armour
 24591 | Spider:2 | Noticed an emperor scorpion
 24613 | Spider:2 | Killed an emperor scorpion
 24866 | Spider:2 | Received a gift from Okawaru
 24961 | Spider:4 | Entered Level 4 of the Spider Nest
 25892 | Spider:3 | Noticed an emperor scorpion
 25916 | Spider:3 | Killed an emperor scorpion
 26295 | Spider:4 | Received a gift from Okawaru
 26295 | Spider:4 | Reached skill level 10 in Dodging
 26509 | Spider:4 | Received a gift from Okawaru
 26525 | Spider:4 | Upgraded the game from 0.23-b1-49-g13d5857 to
                  | 0.23-b1-58-ge3fafae
 26680 | Spider:4 | Noticed Agnes
 27146 | Spider:4 | Killed Agnes
 27146 | Spider:4 | Reached XP level 16. HP: 119/140 MP: 11/19
 27429 | Lair:5   | Found a viscous altar of Jiyva.
 27430 | Lair:5   | Found a staircase to the Slime Pits.
 27954 | Lair:6   | Entered Level 6 of the Lair of Beasts
 28655 | Spider:4 | Reached skill level 17 in Axes
 29066 | Spider:4 | Received a gift from Okawaru
 29595 | Lair:6   | Reached skill level 18 in Axes
 29821 | Slime:1  | Entered Level 1 of the Pits of Slime
 29821 | Slime:1  | Noticed an azure jelly
 29825 | Slime:1  | Noticed an azure jelly
 29834 | Lair:5   | Killed an azure jelly
 30077 | Spider:4 | Got a gossamer rune of Zot
 30582 | Orc:2    | Killed Saint Roka
 30654 | Orc:2    | Received a gift from Okawaru
 30695 | Orc:2    | Found a roughly hewn altar of Beogh.
 30701 | Orc:2    | Found Buluqah's Antique Armour Boutique.
 30729 | Orc:2    | Found Kamma's General Store.
 30770 | Orc:2    | Found Papi's Book Boutique.
 30786 | Orc:2    | Found Gaykitug's Antique Weapon Boutique.
 30926 | Orc:2    | Bought a brightly glowing scale mail for 306 gold pieces
 30926 | Orc:2    | Bought a smoking buckler for 323 gold pieces
 30937 | Orc:2    | Identified the +1 scale mail of Fanaticism {rF+++ MR+
                  | Regen+ Stlth-} (You bought it in a shop on level 2 of the
                  | Orcish Mines)
 30973 | Orc:2    | Identified the +1 buckler "Xenyot" {rF- rCorr Dex+6} (You
                  | bought it in a shop on level 2 of the Orcish Mines)
 31005 | Orc:2    | Bought a faintly glowing falchion for 208 gold pieces
 31005 | Orc:2    | Bought a bone war axe for 221 gold pieces
 31005 | Orc:2    | Bought a bloodstained dagger for 182 gold pieces
 31005 | Orc:2    | Identified the +7 falchion "Gram" {flame, *Drain +Fly rPois
                  | Stlth+} (You bought it in a shop on level 2 of the Orcish
                  | Mines)
 31008 | Orc:2    | Identified the cursed +1 war axe of Destruction {elec,
                  | *Slow rC++} (You bought it in a shop on level 2 of the
                  | Orcish Mines)
 31062 | Elf:1    | Entered Level 1 of the Elven Halls
 31090 | Elf:1    | Reached XP level 17. HP: 134/147 MP: 20/20
 31797 | D:13     | Found a portal to a secret trove of treasure.
 31905 | D:13     | Found a roughly hewn altar of Beogh.
 31914 | D:13     | Reached skill level 19 in Axes
 31965 | D:13     | Identified the +10 dagger "Ecunou" {chaos, Str+3} (You
                  | bought it in a shop on level 2 of the Orcish Mines)
 31969 | D:13     | Reached XP level 18. HP: 155/155 MP: 21/21
 32091 | D:13     | Got a steaming sapphire amulet
 32093 | D:13     | Identified the amulet "Jusm" {Inacc Str+2 Int+4 Dex-4} (You
                  | found it on level 13 of the Dungeon)
 32504 | D:14     | Identified the +9 rapier "Boasue" {pierce, Str+4 Int-4
                  | SInv}
 32737 | D:14     | Found a gate to the Vaults.
 32845 | Vaults:1 | Entered Level 1 of the Vaults
 33039 | Vaults:1 | Received a gift from Okawaru
 33051 | Vaults:1 | Reached skill level 20 in Axes
 33634 | Vaults:1 | Paralysed by a great orb of eyes for 3 turns
 33835 | Vaults:1 | Received a gift from Okawaru
 34045 | Vaults:1 | Received a gift from Okawaru
 34053 | Vaults:1 | Reached skill level 21 in Axes
 34096 | Vaults:1 | Reached XP level 19. HP: 86/161 MP: 19/22
 34097 | Vaults:1 | Received a gift from Okawaru
 34486 | Vaults:1 | Received a gift from Okawaru
 34794 | Vaults:1 | Received a gift from Okawaru
 35188 | Vaults:1 | Got a wavering platinum ring
 35442 | Vaults:1 | Found a runed translucent gate.
 35442 | Vaults:1 | Found a runed translucent gate.
 35442 | Vaults:1 | Found a runed translucent gate.
 35444 | Vaults:1 | Noticed jlumianski's ghost (veteran KoBe)
 35847 | D:13     | Identified the ring "Ugon" {Wiz Str+3} (You found it on
                  | level 1 of the Vaults)
 36324 | Shoals:1 | Reached skill level 22 in Axes
 36456 | Shoals:1 | Received a gift from Okawaru
 36803 | Shoals:1 | Found Tilaesa's Distillery.
 36818 | Shoals:1 | Bought a potion of invisibility for 80 gold pieces
 36818 | Shoals:1 | Bought a potion of cancellation for 80 gold pieces
 36818 | Shoals:1 | Bought a potion of invisibility for 80 gold pieces
 37643 | Shoals:2 | Reached skill level 1 in Stealth
 37816 | Shoals:2 | Noticed Nikola
 37850 | Shoals:2 | Killed Nikola
 38118 | Shoals:2 | Received a gift from Okawaru
 38213 | Shoals:3 | Noticed Polyphemus
 38666 | Shoals:3 | Reached XP level 20. HP: 169/169 MP: 23/23
 39057 | Shoals:3 | Reached skill level 23 in Axes
 39224 | Shoals:3 | Killed Polyphemus
 39444 | Shoals:4 | Entered Level 4 of the Shoals
 40594 | Shoals:4 | Got a barnacled rune of Zot
 40711 | Shoals:4 | Received a gift from Okawaru
 40715 | Shoals:4 | Identified the Disquisition on Transmutation
 41248 | Shoals:3 | Got a scorched ring mail
 41254 | Shoals:3 | Identified the +0 ring mail of Joxuch {MR+} (You found it
                  | on level 3 of the Shoals)
 41828 | Elf:1    | Received a gift from Okawaru
 42811 | Elf:1    | Paralysed by a sphinx for 3 turns
 42878 | Elf:1    | Received a gift from Okawaru
 42886 | Elf:1    | Identified the Reference Book on Enchantment
 43114 | Elf:1    | Reached skill level 5 in Shields
 43202 | Elf:2    | Found Japageof's Antique Weapon Shop.
 43377 | Elf:2    | Bought a dazzling war axe for 229 gold pieces
 43391 | Elf:2    | Identified the +10 war axe of Pedaa {vamp, +Fly MR+ Str-3}
                  | (You bought it in a shop on level 2 of the Elven Halls)
 43738 | Elf:2    | Reached skill level 24 in Axes
 43832 | Elf:2    | Found a huge runed translucent gate.
 43832 | Elf:2    | Found a huge runed translucent gate.
 43832 | Elf:2    | Found a huge runed translucent gate.
 43832 | Elf:2    | Found a huge runed translucent gate.
 43832 | Elf:2    | Found a huge runed translucent gate.
 44013 | Elf:3    | Entered Level 3 of the Elven Halls
 44133 | Elf:3    | Reached XP level 21. HP: 136/177 MP: 24/24
 44221 | Elf:3    | Received a gift from Okawaru
 44458 | Elf:3    | Found Posa's General Store.
 44616 | Elf:3    | Got a smelly ring mail
 44627 | Elf:3    | Identified the cursed +0 ring mail "Jilottull" {MR+ Int+3}
                  | (You found it on level 3 of the Elven Halls)
 44942 | Elf:3    | Received a gift from Okawaru
 45037 | Elf:3    | Identified the +11 war axe of Doubt {speed, rElec Int-4
                  | Dex+2 SInv}
 45202 | Elf:3    | HP: 8/178 [hell beast[a ghostly deep elf demonologist]
                  | (14)]
 45475 | Elf:3    | Identified a scroll of acquirement
 45520 | Elf:2    | Got a flickering bronze amulet
 45522 | Elf:2    | Identified the amulet "Pulirink" {RegenMP rN++} (You
                  | acquired it on level 2 of the Elven Halls)
 45596 | Elf:3    | Identified the ring of Conformity {rC- MR+ EV+2 Int+3}
 45641 | Elf:3    | Reached skill level 10 in Shields
 45685 | Elf:3    | Identified the cursed +0 great mace of Slow Death {crush,
                  | *Corrode +Blink MR+ Int+2}
 45912 | Elf:3    | Identified the Catalogue of Stones and Confrontation
 45962 | Elf:3    | Identified Pial's Grimoire of Creative Enhancements
 46041 | Elf:3    | Got a spiked plate armour
 46052 | Elf:3    | Identified the +3 plate armour "Gekaotz" {rElec rN+++ Int-3
                  | Slay+3} (You found it on level 3 of the Elven Halls)
 46052 | Elf:3    | Lost intelligence.
 47181 | Elf:2    | Received a gift from Okawaru
 47322 | Elf:2    | Upgraded the game from 0.23-b1-58-ge3fafae to
                  | 0.23-b1-67-g8bd44de
 47818 | Vaults:2 | Received a gift from Okawaru
 47873 | Vaults:2 | HP: 8/178 [stone giant/large rock (21)]
 48001 | Vaults:2 | Received a gift from Okawaru
 48211 | Vaults:2 | Found a staircase to the Crypt.
 48254 | Crypt:1  | Entered Level 1 of the Crypt
 48318 | Crypt:1  | Killed from afar by a revenant

Skill      XL: |  1  2  3  4  5  6  7  8  9 10 11 12 13 14 15 16 17 18 19 20 21 |
---------------+----------------------------------------------------------------+-----
Armour         | 3 8 9 10 | 10.0
Axes           | 2 3 4 6 7 9 10 13 15 16 18 19 21 22 24 | 24.3
Fighting       | 4 8 9 12 13 | 13.0
Dodging        | 1 2 3 4 7 8 10 | 10.0
Throwing       | 2 4 6 8 |  8.0
Invocations    | 1 3 6 |  6.0
Shields        | 4 6 11 | 11.7
Stealth        | 3 4 |  4.0

Action                   |  1- 3 |  4- 6 |  7- 9 | 10-12 | 13-15 | 16-18 | 19-21 || total
-------------------------+-------+-------+-------+-------+-------+-------+-------++-------
Melee: War axe           |   141 |    45 |       |   412 |   967 |    29 |  1423 ||  3017
       Hand axe          |       |   154 |   134 |    33 |       |       |       ||   321
       Whip              |       |       |   127 |   115 |       |       |       ||   242
       Dagger            |       |       |   154 |   236 |       |       |       ||   390
       Punch             |       |       |       |     2 |     2 |       |       ||     4
       Executioner's axe |       |       |       |       |    39 |   754 |   283 ||  1076
 Fire: Blowgun           |       |       |    38 |    33 |     3 |       |       ||    74
Throw: Stone             |       |     1 |     8 |       |       |       |       ||     9
       Tomahawk          |       |       |     5 |    14 |    41 |     8 |    26 ||    94
       Throwing net      |       |       |     1 |     1 |       |       |       ||     2
       Javelin           |       |       |       |     2 |    12 |    50 |    84 ||   148
Invok: Heroism           |       |       |     2 |     4 |     8 |     6 |     6 ||    26
       Finesse           |       |       |       |     1 |     5 |     3 |       ||     9
Evoke: Wand              |       |     2 |     2 |     4 |       |       |     1 ||     9
  Use: Scroll            |       |       |     7 |    10 |    19 |     9 |    14 ||    59
       Potion            |       |       |     4 |     2 |     1 |     1 |     4 ||    12
 Stab: Distracted        |       |       |       |     1 |       |     1 |     1 ||     3
       Held in net/web   |       |       |       |     2 |       |       |       ||     2
       Sleeping          |       |       |       |       |       |       |     3 ||     3
       Petrified         |       |       |       |       |       |       |     2 ||     2
       Petrifying        |       |       |       |       |       |       |     1 ||     1
  Eat: Chunk             |    12 |    21 |    56 |   141 |   186 |   198 |   307 ||   921
Armor: Scale mail        |    11 |       |       |       |       |       |   287 ||   298
       Plate armour      |    98 |   135 |   251 |   352 |    46 |       |       ||   882
       Chain mail        |       |       |       |       |   447 |   510 |    85 ||  1042
       Shadow dragon sca |       |       |       |       |       |       |    27 ||    27
Dodge: Dodged            |    58 |    74 |   259 |   396 |   660 |   697 |   794 ||  2938
       Deflected         |       |       |       |       |       |       |    10 ||    10
Block: Shield            |     1 |       |       |       |       |       |       ||     1
       Buckler           |       |       |       |       |    25 |       |   151 ||   176
       Large shield      |       |       |       |       |       |       |   412 ||   412
       Reflection        |       |       |       |       |       |       |    36 ||    36
